 Dungeon Crawl Stone Soup version 0.18-a0-1799-g6250cb2 (webtiles) character file.

791 wvc the Basher (level 7, -1/62 HPs)
             Began as a Troll Gladiator on Apr 23, 2016.
             Slain by a gnoll
             ... wielding a cursed +0 halberd
              (17 damage)
             ... on level 5 of the Dungeon.
             The game lasted 00:06:53 (3324 turns).

wvc the Basher (Troll Gladiator)                    Turns: 3324, Time: 00:06:54

Health: -1/62      AC:  5    Str: 24    XL:     7   Next: 57%
Magic:  6/6        EV: 10    Int:  4    God:
Gold:   259        SH:  0    Dex: 12    Spells: 3 memorised, 1 level left

rFire  . . .     SeeInvis .     D - +0 giant club
rCold  . . .     Gourm    +     b - +0 robe
rNeg   . . .     Faith    .     (shield currently unavailable)
rPois  .         Spirit   .     c - +0 hat
rElec  .         Dismiss  .     (no cloak)
rCorr  .         Reflect  .     (gloves unavailable)
SustAt .         Harm     .     (boots unavailable)
MR     .....                    s - amulet of regeneration
Stlth  +.........               (no ring)
                                (no ring)

@: not resistant to hostile enchantments, very unstealthy
A: unfitting armour, claws 3, fast metabolism 3, gourmand, regeneration 2,
shaggy fur 1, tough skin 2
a: no special abilities


You were on level 5 of the Dungeon.
You were completely stuffed.

You visited 1 branch of the dungeon, and saw 5 of its levels.

You collected 259 gold pieces.

Inventory:

Hand Weapons
 a - a +0 flail
 w - a +1 quarterstaff of pain
 x - a cursed -2 blowgun
 D - a +0 giant club (weapon)
Missiles
 d - 3 throwing nets
 r - 2 large rocks (quivered)
 y - 32 poisoned needles
Armour
 b - a +0 robe (worn)
 c - a +0 hat (worn)
Jewellery
 s - an amulet of regeneration (around neck)
Wands
 E - a wand of iceblast (6/15)
Scrolls
 e - 2 scrolls of remove curse
 h - 3 scrolls of identify
 j - a scroll of immolation
 z - a scroll of vulnerability
Potions
 k - a potion of heal wounds
 m - a potion of berserk rage
 n - a potion of brilliance
 o - 2 potions of curing
 t - 2 potions of haste
 A - a potion of cure mutation
Books
 q - a book of Party Tricks

   Spells                             Type                      Level
   a - Summon Butterflies             Summoning                    1
   b - Apportation                    Translocation                1
   c - Tukima's Dance                 Hexes                        3
   d - Alistair's Intoxication        Transmutation/Poison         5
   e - Invisibility                   Hexes                        6
 C - a book of Minor Magic

   Spells                             Type                      Level
   a - Magic Dart                     Conjuration                  1
   b - Blink                          Translocation                2
   c - Call Imp                       Summoning                    2
   d - Repel Missiles                 Charms/Air                   2
   e - Slow                           Hexes                        2
   f - Conjure Flame                  Conjuration/Fire             3
   g - Mephitic Cloud                 Conjuration/Poison/Air       3
Comestibles
 f - 6 bread rations
 g - a beef jerky
 i - 2 royal jellies
 l - 4 meat rations
 p - 2 chunks of flesh
 u - a slice of pizza
 v - 5 fruits


   Skills:
 - Level 1.5 Fighting
 + Level 8.3 Maces & Flails
 - Level 1.7 Throwing
 - Level 2.4 Dodging


You had one spell level left.
You knew the following spells:

 Your Spells              Type           Power        Failure   Level  Hunger
a - Apportation           Tloc           #.........   61%         1    ##.....
b - Blink                 Tloc           N/A          83%         2    ###....
c - Repel Missiles        Chrm/Air       #.....       83%         2    ###....


Dungeon Overview and Level Annotations

Branches:
Dungeon (5/15)
 Temple: D:4-7

Altars:
Ashenzari
Elyvilon
Yredelemnul
Zin

Shops:
D:5 %


Innate Abilities, Weirdness & Mutations

You are too large for most types of armour.
You have claws for hands.
Your metabolism is lightning-fast.
You like to eat raw meat.
You heal very quickly.
You are covered in fur (AC +1).
You have very tough skin (AC +2).


Message History

The gnoll hits you with a halberd.
There is a stone staircase leading up, spattered with blood here.
Things that are here:
a club; a gnoll corpse You barely miss the gnoll.
The gnoll hits you with a halberd! The gnoll hits you with a halberd.
You sock the gnoll!
The gnoll is severely wounded.
The gnoll barely misses you. x2
You barely miss the gnoll.
The gnoll is severely wounded.
The gnoll hits you with a halberd. The gnoll hits you with a halberd!
* * * LOW HITPOINT WARNING * * *
You barely miss the gnoll.
The gnoll is severely wounded.
The gnoll barely misses you. The gnoll closely misses you.
You hit the gnoll.
The gnoll is almost dead.
The gnoll closely misses you. The gnoll hits you with a halberd!
You die...

#..# #...........# #..#
#......#.#### ##..#
#......#.# ....# #......#.#
.#### #......# ..## #......#
# ...## #.....## .# .#..#
#..g.#####.## ....# ♣.P..♣
#.@g......... .#..# #....#
####.........
....###....########.....##.
............#.....#........
...#......#.#..#)....###...
.##......##.##.....### ..
###...#.....##..##g.## . .
##....#.....#..####..## .....
#........##.....####..##.....


You could see 2 gnolls.

Vanquished Creatures
  A phantom (D:5)
  2 ogres (D:5)
  A giant frog (D:5)
  A crimson imp (D:5)
  A giant frog zombie (D:5)
  A jelly (D:5)
  2 orc priests
  2 giant frog skeletons (D:4)
  2 orc wizards (D:3)
  A worker ant (D:5)
  2 adders
  6 gnolls (D:5)
  A shadow imp (D:5)
  An adder zombie (D:5)
  An adder skeleton (D:4)
  A worm (D:4)
  2 dart slugs (D:5)
  4 giant geckos
  13 orcs
  4 giant cockroaches
  5 hobgoblins
  4 jackals (D:1)
  4 quokkas (D:3)
  A ball python (D:3)
  2 bats
  A giant newt (D:3)
  9 goblins
  7 kobolds
  5 rats
87 creatures vanquished.

Notes
Turn   | Place    | Note
--------------------------------------------------------------
     0 | D:1      | wvc the Troll Gladiator began the quest for the Orb.
     0 | D:1      | Reached XP level 1. HP: 19/19 MP: 0/0
   315 | D:1      | Reached skill level 3 in Maces & Flails
   334 | D:1      | Reached XP level 2. HP: 24/27 MP: 1/1
   919 | D:2      | Found a glowing silver altar of Zin.
  1381 | D:3      | HP: 1/27 [orc priest/divine providence (15)]
  1384 | D:3      | Reached skill level 4 in Maces & Flails
  1384 | D:3      | Reached XP level 3. HP: 3/33 MP: 2/2
  1389 | D:3      | Reached XP level 4. HP: 8/41 MP: 3/3
  1897 | D:3      | Found a white marble altar of Elyvilon.
  1959 | D:3      | Reached skill level 5 in Maces & Flails
  2083 | D:4      | Reached XP level 5. HP: 48/48 MP: 4/4
  2222 | D:4      | Found a basalt altar of Yredelemnul.
  2250 | D:4      | Found a shattered altar of Ashenzari.
  2787 | D:5      | Entered Level 5 of the Dungeon
  2812 | D:5      | Reached skill level 6 in Maces & Flails
  2812 | D:5      | Reached XP level 6. HP: 9/55 MP: 5/5
  2921 | D:5      | Reached skill level 7 in Maces & Flails
  2974 | D:5      | Reached XP level 7. HP: 62/62 MP: 6/6
  2991 | D:5      | Learned a level 1 spell: Apportation
  2994 | D:5      | Learned a level 2 spell: Blink
  2997 | D:5      | Learned a level 2 spell: Repel Missiles
  3003 | D:5      | Found Maruxyr's Food Emporium.
  3266 | D:5      | Reached skill level 8 in Maces & Flails
  3324 | D:5      | Slain by a gnoll

Vault maps used:
D:1:      eino_arrival_tree_alley
D:2:      zin_academy
D:3:      elyvilon_altar_4
D:4:      corexii_shack_village, lemuel_round_altar,
          ashenzari_conservatory_becter, first_bread, minmay_tree_intersection
D:5:      serial_shops, nicolae_shop_stone, nicolae_ru_great_annihilating_truth,
          uniq_crazy_yiuf_cottage

Skill      XL: |  1  2  3  4  5  6  7 |
---------------+----------------------+-----
Maces & Flails | 3 4 5 6 7 8 |  8.3
Fighting       | |  1.5
Throwing       | |  1.7
Dodging        | |  2.4

Action                   |  1- 3 |  4- 6 |  7- 9 || total
-------------------------+-------+-------+-------++-------
Melee: Flail             |    83 |   178 |       ||   261
       Giant club        |       |     1 |    67 ||    68
Throw: Large rock        |       |     3 |       ||     3
  Use: Scroll            |       |     8 |     5 ||    13
 Stab: Sleeping          |       |     2 |     1 ||     3
       Distracted        |       |     1 |       ||     1
  Eat: Chunk             |    12 |    21 |     4 ||    37
Armor: Robe              |    30 |    58 |    17 ||   105
Dodge: Dodged            |    56 |    90 |    45 ||   191
